Map: Pillars of Gold LE

Players

Demi

  • Race: Zerg Zerg
  • League: Master
  • Spawn Location: 1:00

Seither - Winner!

  • Race: Terran Terran
  • Spawn Location: 7:00

Event: DreamHack SC2 Masters 2020 Fall

VOD

Have the link to the VOD?

Description

Time

  • Played on: Aug. 26, 2020, 5:37 a.m.
  • Length: 15:47

All games in this series

Show
View Real Time Build Order
Export as new Build Order

Demi Zerg 

Build Orders: Hatch First, Muta Ling Bane 

Get SALT Encoding   

  12  0:00  Drone  
  13  0:12  Overlord  
  13  0:17  Drone  
  14  0:31  Drone x2  
  16  0:50  Hatchery  
  16  0:53  Drone  
  16  0:56  Drone  
  17  0:59  Drone  
  18  1:09  Extractor  
  17  1:15  Spawning Pool  
  17  1:18  Drone  
  17  1:21  Drone  
  18  1:31  Drone  
  19  1:40  Drone  
  20  1:51  Overlord  
  20  2:01  Queen  
  20  2:02  Queen  
  20  2:03  Zergling x4  
  26  2:11  Drone  
  26  2:12  Drone  
  26  2:13  Metabolic Boost  
  28  2:21  Drone  
  29  2:24  Drone  
  30  2:34  Overlord  
  30  2:37  Queen  
  30  2:43  Queen  
  34  2:46  Drone  
  34  2:47  Drone  
  36  2:54  Drone  
  36  2:55  Overlord  
  37  3:00  Drone  
  37  3:05  Drone  
  39  3:09  Drone x2  
  39  3:10  Drone x2  
  43  3:15  Drone x3  
  43  3:18  Drone  
  47  3:33  Hatchery  
  46  3:38  Lair  
  46  3:40  Extractor  
  45  3:41  Drone x2  
  45  3:42  Drone  
  45  3:47  Drone x2  
  50  3:49  Drone  
  50  3:52  Drone  
  50  3:53  Baneling Nest  
  51  3:59  Overlord  
  51  4:05  Extractor x2  
  51  4:06  Drone x3  
  52  4:15  Overlord  
  52  4:19  Zergling x8  
  55  4:24  Spore Crawler  
  55  4:25  Drone x3  
  55  4:26  Drone x2, Spore Crawler  
  55  4:31  Drone  
  59  4:38  Spire  
  58  4:46  Queen  
  58  4:48  Drone x4  
  58  4:49  Drone  
  65  4:54  Overlord  
  65  4:55  Overlord  
  65  5:16  Zergling x4  
  65  5:17  Drone x4  
  65  5:20  Overlord x2  
  71  5:21  Centrifical Hooks  
  71  5:26  Drone x4  
  75  5:30  Drone  
  75  5:35  Drone, Overlord  
  77  5:37  Overlord  
  77  5:38  Extractor, Overlord  
  77  5:39  Extractor  
  77  5:41  Drone x3  
  78  5:49  Drone  
  80  5:50  Drone x2  
  80  5:51  Zerg Flyer Weapons Level 1  
  80  5:52  Drone  
  80  5:55  Drone, Evolution Chamber  
  82  5:57  Evolution Chamber  
  82  5:59  Drone  
  82  6:06  Drone x2  
  82  6:07  Drone  
  85  6:12  Mutalisk x3  
  85  6:14  Hatchery  
  85  6:18  Mutalisk x2  
  92  6:24  Mutalisk x3  
  99  6:29  Drone x2  
  101  6:36  Mutalisk x3  
  107  6:41  Zerg Ground Armor Level 1  
  107  6:44  Overlord  
  107  6:47  Zerg Melee Weapons Level 1  
  107  6:51  Drone x3  
  110  6:55  Zergling x12  
  110  7:01  Baneling x5  
  116  7:03  Pneumatized Carapace  
  116  7:06  Overseer  
  115  7:11  Zergling x18  
  115  7:15  Baneling x3  
  124  7:16  Baneling x3  
  124  7:23  Overlord x3  
  124  7:32  Overseer  
  124  7:35  Zergling x10  
  124  7:36  Queen  
  131  7:38  Drone x3, Overlord  
  131  7:39  Overlord  
  134  7:46  Overlord x2  
  134  7:47  Zerg Flyer Weapons Level 2  
  134  7:49  Drone  
  134  7:50  Drone x2  
  137  7:51  Extractor  
  137  7:52  Drone x2  
  137  7:55  Extractor  
  137  7:58  Drone  
  137  7:59  Drone  
  137  8:01  Drone  
  137  8:02  Drone x3  
  143  8:06  Drone x2  
  145  8:15  Mutalisk x6  
  157  8:32  Hatchery  
  153  8:36  Mutalisk  
  153  8:37  Mutalisk x3  
  161  8:44  Zerg Melee Weapons Level 2  
  161  8:45  Zerg Ground Armor Level 2  
  161  8:59  Zergling x34  
  178  9:10  Zergling x2  
  178  9:11  Zergling x2  
  178  9:16  Infestation Pit  
  179  9:21  Zergling x2  
  179  9:22  Zergling x22  
  191  9:36  Overseer x2  
  190  9:50  Baneling x12  
  190  9:51  Baneling x7  
  190  9:52  Baneling x2  
  187  9:53  Overlord x2  
  187  9:55  Hive  
  187  9:58  Baneling x12  
  185  10:04  Zerg Flyer Armor Level 1  
  179  10:07  Zergling x40  
  179  10:11  Baneling x17  
  198  10:19  Mutalisk  
  198  10:20  Mutalisk  
  198  10:23  Zergling x2  
  198  10:24  Zergling x18  
  166  10:38  Zergling x2  
  166  10:39  Zergling x14  
  149  10:45  Mutalisk x6  
  149  10:48  Baneling  
  155  10:51  Zergling x10  
  155  10:53  Mutalisk  
  140  11:04  Zergling x10  
  140  11:07  Mutalisk x2  
  140  11:10  Overlord  
  134  11:14  Zergling x2  
  134  11:15  Queen, Zergling x2  
  134  11:21  Mutalisk x2  
  134  11:22  Mutalisk x2  
  134  11:25  Zergling x18  
  149  11:37  Zergling x12  
  155  11:45  Ultralisk Cavern  
  155  11:46  Queen  
  156  11:47  Zerg Ground Armor Level 3  
  156  11:49  Overlord  
  156  11:50  Overlord x6  
  156  11:53  Extractor  
  155  11:59  Baneling  
  155  12:00  Baneling x5  
  155  12:01  Baneling, Hatchery  
  153  12:10  Zergling x24  
  165  12:29  Drone x2  
  168  12:30  Drone x3  
  168  12:34  Chitinous Plating  
  168  12:36  Ultralisk  
  188  12:37  Ultralisk x2  
  188  12:41  Zergling x14  
  195  12:57  Adrenal Glands  
  195  13:11  Zergling x10  
  196  13:20  Mutalisk x2  
  196  13:26  Extractor  
  199  13:45  Baneling  
  199  13:46  Baneling x33  
  199  13:53  Anabolic Synthesis  
  190  14:08  Zergling x8, Ultralisk x2  
  198  14:38  Zergling x48, Ultralisk x2  
  155  14:39  Zergling x24  
  182  14:46  Zergling x4  
  172  14:56  Zergling x8  
  134  15:02  Zergling x10, Ultralisk x2  
  110  15:11  Zergling x2  
  110  15:12  Zergling x6  
Show
View Real Time Build Order
Export as new Build Order

Seither Terran - Winner!

Build Orders: Reaper Expand 

Get SALT Encoding   

  12  0:01  SCV  
  13  0:13  SCV  
  14  0:18  Supply Depot  
  14  0:25  SCV  
  15  0:39  SCV  
  15  0:41  Barracks  
  16  0:45  Refinery  
  16  0:52  SCV  
  17  1:04  SCV  
  18  1:16  SCV  
  19  1:28  Reaper  
  19  1:29  Orbital Command  
  20  1:44  Command Center  
  20  1:55  SCV, Supply Depot  
  20  2:00  Marine  
  22  2:07  SCV  
  23  2:13  Factory  
  23  2:20  SCV  
  23  2:22  Barracks Reactor  
  24  2:32  SCV  
  25  2:44  SCV  
  26  2:46  Command Center  
  26  3:01  Starport  
  26  3:02  SCV  
  26  3:04  Orbital Command  
  27  3:10  Refinery  
  27  3:14  SCV  
  27  3:17  Hellion  
  30  3:22  Hellion  
  32  3:28  SCV  
  32  3:30  Barracks Tech Lab  
  32  3:32  SCV  
  34  3:47  Hellion x2  
  37  3:50  Marine  
  37  3:52  Viking  
  37  3:54  Stimpack  
  40  3:56  SCV x2  
  40  4:01  Orbital Command  
  42  4:08  SCV x2, Marine  
  45  4:21  Barracks x2, Factory Reactor  
  45  4:23  SCV x2  
  47  4:30  SCV  
  47  4:31  Marine  
  48  4:38  SCV x2  
  51  4:39  Engineering Bay x2  
  51  4:47  Refinery, Starport Reactor  
  51  4:50  SCV x2, Supply Depot  
  53  4:53  Marine  
  53  4:56  SCV  
  55  5:06  Barracks  
  55  5:07  Orbital Command, Barracks, Terran Infantry Weapons Level 1  
  55  5:08  Terran Infantry Armor Level 1  
  55  5:10  Refinery  
  55  5:12  Factory Reactor  
  55  5:13  Marine x2  
  57  5:15  Marine  
  57  5:18  SCV  
  57  5:19  SCV  
  60  5:21  Supply Depot  
  60  5:29  Missile Turret  
  60  5:30  Missile Turret, Marine  
  60  5:31  Marine  
  60  5:33  SCV x2  
  64  5:37  Combat Shield, SCV  
  64  5:39  Marine  
  66  5:47  SCV x2  
  66  5:48  Medivac  
  70  5:50  Medivac  
  70  5:51  Marine  
  70  5:55  Missile Turret  
  73  5:57  Barracks Reactor  
  73  5:58  Barracks Reactor  
  73  6:02  SCV x3  
  76  6:04  Marine  
  77  6:12  Supply Depot, Marine x3  
  77  6:16  Widow Mine x2  
  77  6:17  Supply Depot  
  84  6:19  Marine  
  85  6:33  Medivac x2, Supply Depot, Marine x4  
  85  6:39  SCV x2  
  93  6:41  Supply Depot, Marine x4  
  93  6:42  Marine  
  98  6:48  Widow Mine  
  98  6:51  Marine x2  
  102  6:55  Armory  
  102  6:56  SCV  
  102  6:57  SCV  
  102  6:59  Supply Depot  
  104  7:03  Supply Depot  
  104  7:07  Medivac x2, Widow Mine  
  104  7:08  Marine x3  
  110  7:10  SCV  
  110  7:12  SCV  
  115  7:20  SCV  
  116  7:23  SCV, Marine x2  
  116  7:26  Widow Mine  
  116  7:27  Supply Depot  
  116  7:29  Supply Depot  
  121  7:31  Marine x2  
  121  7:34  SCV  
  121  7:35  SCV  
  125  7:40  Marine x2  
  127  7:47  Terran Infantry Weapons Level 2, Terran Infantry Armor Level 2, Marine x2  
  129  7:57  Barracks  
  129  7:58  Barracks x2  
  128  8:07  Marine x5  
  128  8:08  Widow Mine x2  
  128  8:09  Medivac  
  128  8:10  Medivac  
  128  8:11  Supply Depot  
  128  8:12  SCV  
  140  8:20  Marine x3  
  140  8:24  SCV x3  
  146  8:28  Supply Depot  
  146  8:39  Marine x5  
  146  8:40  Marine x2  
  143  8:42  Supply Depot  
  143  8:43  Medivac, Widow Mine x2  
  143  8:44  Medivac  
  143  8:46  Barracks Tech Lab x3  
  151  8:51  Marine x2  
  151  8:53  Supply Depot  
  153  8:57  Marine  
  154  9:03  Marine x4  
  154  9:04  Marine  
  154  9:05  Marauder x3, Concussive Shells  
  165  9:13  Supply Depot  
  165  9:15  Marauder  
  165  9:16  Widow Mine x2, Supply Depot  
  168  9:26  Marauder  
  168  9:28  Missile Turret  
  168  9:30  Marauder x2, Marine x4  
  175  9:36  Marauder  
  175  9:37  Widow Mine  
  179  9:38  Marine  
  179  9:39  Marine x2  
  179  9:41  SCV x2  
  183  9:47  Marauder  
  185  9:53  Marine  
  185  9:54  Marauder x2, Marine x2  
  185  9:58  Widow Mine  
  185  9:59  Medivac x2, Widow Mine  
  197  10:01  Marine  
  197  10:02  Marine  
  197  10:04  Supply Depot  
  193  10:16  Marauder, Marine  
  192  10:24  Marauder x2, Marine  
  192  10:25  Widow Mine x2  
  174  10:41  Marine  
  174  10:42  Marauder x2, Marine x2  
  132  10:44  Medivac x2  
  132  10:46  Widow Mine x2  
  132  10:48  Marine x2  
  132  10:49  Marine x2  
  135  10:51  Terran Infantry Weapons Level 3  
  135  11:00  Marine x2  
  135  11:01  Marauder, Marine x2  
  128  11:05  Marine x3  
  128  11:06  Marine  
  128  11:08  Marine x2  
  126  11:14  Marine  
  126  11:18  Marine x3  
  110  11:27  Marine  
  110  11:28  Marine  
  100  11:34  Marine x3  
  100  11:35  Marauder, Marine  
  100  11:36  Widow Mine x2  
  106  11:48  Marine x4  
  106  11:49  Marine  
  106  11:50  Orbital Command, Marauder  
  106  11:51  Medivac x2  
  117  11:57  Marine x6  
  122  12:11  Marine x2  
  122  12:12  Marine x3  
  122  12:14  Widow Mine x2  
  127  12:22  Medivac x2  
  133  12:30  Marauder x4, Marine x2  
  141  12:39  Marine x3  
  141  12:40  Marine  
  141  12:42  Widow Mine x2  
  147  12:52  Medivac x2  
  147  12:56  Marauder x2, Marine x2  
  147  12:57  Marine x3  
  147  12:58  Missile Turret  
  159  13:06  Marine x2  
  159  13:07  Marine x3  
  159  13:11  Widow Mine  
  164  13:21  Widow Mine  
  164  13:22  Medivac x2, Marine x2  
  164  13:24  Marine x4  
  176  13:27  Marine  
  176  13:28  Refinery, Marine x3  
  176  13:29  Refinery  
  176  13:30  Refinery  
  180  13:37  Marauder x2  
  180  13:39  Marine  
  180  13:40  Marine  
  186  13:45  Marine  
  186  13:46  Marauder, Marine x6  
  195  13:57  Marine x2  
  195  13:58  Marine x2  
  188  14:03  Marine x2  
  188  14:04  Marine  
  185  14:11  Marine x3  
  185  14:12  Marine x2  
  187  14:26  Marauder x2, Marine x4  
  148  14:39  Marine x5  
  157  14:45  Widow Mine, Marine x2  
  157  14:46  Widow Mine, Marine x2  
  157  14:47  Medivac  
  160  14:58  Marine  
  160  14:59  Marauder, Marine x4  
  155  15:00  Marauder x2  
  155  15:03  Marine x2  
  153  15:08  Marine x2  
  153  15:10  Command Center  
  155  15:16  Marine x2  
  155  15:17  Marauder  
  155  15:21  Marauder x3, Marine x2  

Tags
 
Add a new tag
Caveats
  • Supply blocks, unpowered buildings, or Contaminate may cause inaccurate times.
  • Supply counts are checked every 10 seconds.